 Dungeon Crawl Stone Soup version 0.28-a0-32-g8dfe7f97f6 (webtiles) character file.

Game seed: 6618668493114696785

46 rogsnak the Magician (level 3, 0/25 HPs)
             Began as a Djinni Fire Elementalist on July 28, 2021.
             Slain by a phantom (2 damage)
             ... on level 4 of the Dungeon.
             The game lasted 00:06:03 (2285 turns).

rogsnak the Magician (Djinni Fire Elementalist)     Turns: 2285, Time: 00:06:03

Health: 0/25       AC:  2    Str:  7    XL:     3   Next: 92%
Gold:   55         EV: 12    Int: 17    God:
                   SH:  0    Dex: 13

rFire   + + .      SeeInvis .   h - +0 spear
rCold   x . .      Faith    .   (no shield)
rNeg    . . .      Spirit   .   a - +0 robe
rPois   ∞          Reflect  .   (no helmet)
rElec   .          Harm     .   (no cloak)
rCorr   .          Rampage  .   (no gloves)
Will    .....                   (boots unavailable)
Stlth   ++........              (no amulet)
HPRegen 0.08/turn               (no ring)
MPRegen 0.00/turn               (no ring)

@: flying
A: sickness immunity, fire resistance 2, cold vulnerability 1, float, innate
caster, hp casting, extra vitality 1
a: no special abilities


You were on level 4 of the Dungeon.
You visited 1 branch of the dungeon, and saw 3 of its levels.

You collected 55 gold pieces.

Inventory:

Hand Weapons
 f - a +0 hand axe
 h - a +0 spear (weapon)
Missiles
 e - 3 poisoned darts
 i - 26 arrows
 j - 28 sling bullets
Armour
 a - a +0 robe (worn)
Jewellery
 b - an amulet of faith
Scrolls
 d - 2 scrolls of identify {unknown}
 k - a scroll of teleportation {unknown}
Potions
 c - a potion of lignification {unknown}
 g - 2 potions of mutation {unknown}


   Skills:
 + Level 2.5 Dodging
 + Level 2.0 Stealth
 + Level 3.3 Spellcasting


You couldn't memorise any spells.
You knew the following spells:

 Your Spells              Type           Power      Damage    Failure   Level
a - Foxfire               Conj/Fire      56%        2x1d6     4%          1
b - Conjure Flame         Conj/Fire      14%        6-21      13%         3
c - Inner Flame           Hex/Fire       14%        N/A       13%         3
d - Sticky Flame          Conj/Fire      14%        2d4       41%         4
e - Fireball              Conj/Fire      7%         3d5       77%         5
f - Summon Small Mammal   Summ           56%        N/A       4%          1
Your spell library was empty.

Dungeon Overview and Level Annotations

Branches:
Dungeon (2/15)

Altars:


Innate Abilities, Weirdness & Mutations

You are immune to sickness and miasma.
You are immune to poison.
Your flesh is very heat resistant. (rF++)
You are vulnerable to cold. (rC-)
You float through the air rather than walking.
You learn spells naturally, not from books.
Your magical power is your life essence.
You have superior vitality. (+4 HP)


Message History

The foxfire hits the phantom but does no damage.
The phantom is lightly damaged.
The foxfire hits the phantom.
The phantom is lightly damaged.
The phantom hits you.
The phantom blinks!
You blink.
You hit the phantom.
The phantom is moderately damaged.
The foxfire hits the phantom.
The phantom is moderately damaged.
The foxfire hits the phantom.
The phantom is moderately damaged.
The phantom completely misses you.
You reach down and open the door.
The phantom hits you.
Unknown command.
There is an open door here.
Casting: Foxfire (safe; 4% risk of failure)
Confirm with . or Enter, or press ? or * to list all spells.
You conjure some foxfire!
The phantom hits you.
The phantom blinks!
You blink.
A kobold comes into view. It is wielding a +0 club.
Unknown command.
The foxfire hits the phantom.
The phantom is heavily damaged.
The phantom hits you!
* * * LOW HITPOINT WARNING * * *
The kobold moves out of view.
Casting: Foxfire (safe; 4% risk of failure)
Confirm with . or Enter, or press ? or * to list all spells.
You don't know that spell.
The foxfire hits the phantom.
The phantom is severely damaged.
There is an open door here.
There is an open door here.
There is an open door here.
There is an open door here.
As you close the door, it creaks loudly!
You reach down and open the door.
The phantom hits you.
* * * LOW HITPOINT WARNING * * *
There is an open door here.
The phantom hits you.
You die...

#.K #.. #..
#..###+###+###+##
#.(.............###
#........####.....#
#........@W.....#.#
##.......########
#.......# #########


You could see a phantom.

Vanquished Creatures
  2 worms (D:2)
  A dart slug (D:1)
  2 ball pythons (D:1)
  2 bats (D:1)
  3 endoplasms (D:1)
  3 giant cockroaches
  4 hobgoblins (D:1)
  2 jackals (D:1)
  5 quokkas
  4 frilled lizards (D:1)
  3 kobolds
  3 rats
34 creatures vanquished.

Vanquished Creatures (others)
  126 foxfires
126 creatures vanquished.

Grand Total: 160 creatures vanquished

Notes
Turn   | Place    | Note
-------+----------+-------------------------------------------
     0 | D:1      | rogsnak the Djinni Fire Elementalist began the quest for
                  | the Orb.
     0 | D:1      | Reached XP level 1. HP: 15/15 MP: 0/0
   425 | D:1      | Reached XP level 2. HP: 19/21 MP: 0/0
   746 | D:1      | Reached skill level 3 in Spellcasting
  1125 | D:1      | Reached XP level 3. HP: 22/25 MP: 0/0
  1125 | D:1      | Learned a level 1 spell: Summon Small Mammal
  1188 | D:1      | Found a faded altar of an unknown god.
  2212 | D:2      | You are sucked into a shaft and drop 2 floors!
  2213 | D:4      | Noticed a phantom
  2230 | D:4      | HP: 1/25 [phantom (8)]
  2274 | D:4      | HP: 1/25 [phantom (3)]
  2285 | D:4      | Slain by a phantom

Illustrated notes

Levels and vault maps discovered:
D:1:      dpeg_arrival_simpleton_c, layout_basic,
          hellmonk_ecumenical_altar_run_dry, minmay_misc_feat_pillars,
          minmay_cut_off
D:2:      layout_rooms, minmay_pentomino_s2
D:4:      layout_basic, mainiacjoe_overflow_24_doors, serial_shops,
          nicolae_shop_stone

Skill      XL: |  1  2  3 |
---------------+----------+-----
Spellcasting   | 3 |  3.3
Stealth        | 2 |  2.0
Dodging        | |  2.5

Action                   || total
-------------------------++-------
Melee: Unarmed           ||     8
       Spear             ||     5
       Hand axe          ||     2
 Cast: Foxfire           ||    84
 Stab: Sleeping          ||     1
Armor: Robe              ||     1
Dodge: Dodged            ||    15

Table legend: (Time is in decaauts)
 A = Elapsed time spent in this place.
 B = Non-inter-level travel time spent in this place.
 C = Inter-level travel time spent in this place.
 D = Time resting spent in this place.
 E = Time spent auto-exploring this place.
 F = Levels seen in this place.
 G = Mean time per level.
                   A        B        C        D        E       F      G
               +--------+--------+--------+--------+--------+-----+--------+
         Total |   2284 |   2265 |     19 |   1165 |    707 |   3 |  761.3 |
       Dungeon |   2284 |   2265 |     19 |   1165 |    707 |   3 |  761.3 |
               +--------+--------+--------+--------+--------+-----+--------+

Top non-repeatable levels by time:
     D:1: 1624 daAuts
     D:2: 586 daAuts
     D:4: 73 daAuts
